 Dungeon Crawl Stone Soup version 0.27.1-35-g4d5d836560 (webtiles) character file.

Game seed: 12746162516501789856

312 Delamore the Sneak (level 6, -3/39 HPs)
             Began as an Octopode Brigand on May 7, 2022.
             Slain by a scorpion (8 damage)
             ... on level 3 of the Dungeon.
             The game lasted 00:04:07 (2875 turns).

Delamore the Sneak (Octopode Brigand)               Turns: 2875, Time: 00:04:07

Health: -3/39      AC:  1    Str: 11    XL:     6   Next: 42%
Magic:  15/15      EV: 12    Int: 13    God:
Gold:   209        SH:  0    Dex: 15    Spells: 5/5 levels left

rFire    + . .     SeeInvis .   r - +0 dagger (venom)
rCold    + . .     Faith    .   (no shield)
rNeg     . . .     Spirit   .   (helmet restricted)
rPois    +         Reflect  .   g - amulet of regeneration
rElec    +         Harm     .   n - ring of magical power
rCorr    +         Rampage  .   (no ring)
Will     .....                  (no ring)
Stlth    +++++.....             (no ring)
HPRegen  1.13/turn              (no ring)
MPRegen  0.14/turn              (no ring)
                                (no ring)
                                (no ring)

@: lethally poisoned (-3 -> -4), resistant
A: almost no armour, amphibious, 8 rings, camouflage 1, gelatinous body 1,
(nimble swimmer 1), tentacles
a: no special abilities


You were on level 3 of the Dungeon.
You visited 1 branch of the dungeon, and saw 4 of its levels.

You collected 209 gold pieces.

Inventory:

Hand Weapons
 a - a +2 dagger
 r - a +0 dagger of venom (weapon)
Missiles
 b - 6 poisoned darts (quivered)
 e - 93 stones
 o - 3 boomerangs
Jewellery
 g - an amulet of regeneration (around mantle)
 n - a ring of magical power (left tentacle)
Scrolls
 d - a scroll of immolation
 h - 2 scrolls of noise
 i - a scroll of magic mapping {unknown}
 j - a scroll of identify {unknown}
 l - a scroll of fear {unknown}
 m - a scroll of holy word {unknown}
Potions
 f - 2 potions of resistance
 k - a potion of heal wounds {unknown}
 p - 3 potions of curing {unknown}
 q - a potion of invisibility {unknown}


   Skills:
 - Level 2.0 Fighting
 * Level 5.5 Short Blades
 - Level 2.0 Throwing
 - Level 1.0 Dodging
 + Level 7.4 Stealth


You had 5 spell levels left.
You didn't know any spells.
Your spell library contained the following spells:

 Spells                   Type           Power      Damage    Failure   Level
 Inner Flame              Hex/Fire       0%         N/A       67%         3
 Stone Arrow              Conj/Erth      0%         3d7       67%         3
 Cause Fear               Hex            0%         N/A       97%         4
 Discord                  Hex            0%         N/A       100%        8
 Lehudib's Crystal Spear  Conj/Erth      0%         10d2      100%        8
 Animate Armour           Summ/Erth      Unusable   N/A       N/A         4

Dungeon Overview and Level Annotations

Branches:
Dungeon (4/15)
 Temple: D:4-7

Altars:
Dithmenos
Hepliaklqana
Okawaru
Vehumet
Xom

Shops:
D:3 =

Annotations:
D:4 exclusion: statue


Innate Abilities, Weirdness & Mutations

You cannot wear most types of armour.
You are amphibious.
You can wear up to eight rings at the same time.
Your skin changes colour to match your surroundings (Stealth+).
Your rubbery body absorbs attacks. (AC +1, EV +1)
((You are camouflaged near water. (Stealth+)))
You have tentacles for arms and can constrict up to eight enemies at once.


Message History

You hit the gnoll shaman but do no damage.
You grab the gnoll shaman. You constrict the gnoll shaman.
The scorpion stings you.
You are poisoned.
The scorpion poisons you!
You hit the gnoll shaman but do no damage.
The gnoll shaman is poisoned.
The gnoll shaman is lightly wounded.
You constrict the gnoll shaman.
You feel sick. The scorpion stings you. The gnoll shaman misses you.
Throw: 2 darts (curare)
Press: ? - help, Q - select action, (/) - cycle Shift-Dir - straight line, f - gnoll shaman
Aim: a gnoll shaman, wielding a +0 whip and wearing a +0 robe (lightly wounded, constricted by you, very poisoned, 93% to hit)
You throw a curare-tipped dart.
The curare-tipped dart hits the gnoll shaman.
The gnoll shaman looks as sick as possible!
The gnoll shaman convulses.
The gnoll shaman seems to slow down.
The gnoll shaman is severely wounded.
You constrict the gnoll shaman.
You feel sick. The scorpion stings you.
The gnoll shaman utters an invocation to its god.
The gnoll shaman is healed somewhat.
Throw: dart (curare)
Press: ? - help, Q - select action, (/) - cycle Shift-Dir - straight line, f/p - gnoll shaman
Aim: a gnoll shaman, wielding a +0 whip and wearing a +0 robe (heavily wounded, constricted by you, extremely poisoned, slow, 93% to hit)
You throw a curare-tipped dart.
The curare-tipped dart hits the gnoll shaman.
The gnoll shaman looks as sick as possible!
The gnoll shaman convulses.
The gnoll shaman seems to be slow for longer.
The gnoll shaman is almost dead.
You constrict the gnoll shaman, but do no damage.
You feel sick.
You kill the gnoll shaman!
The scorpion closely misses you. The scorpion stings you!
* * * LOW HITPOINT WARNING * * *
It was a potion of resistance.
You feel protected.
You feel sick. The scorpion stings you!
You die...

#......# #.##.................
#.####.####.##......######.##.#
#.# #......###.....# #.##.#
###.# ######## #.....# ##.##.#
...†# ###.#.#####...#.# ###.#
#.#.)....<#.... # #.#
#.###.###)..### # #.#
############.###.# ##.## # #.#
#[....^.)@s).....####.# # #.#
#.##########.#####....# # #.#
#.# #.# #>##.# #
#.####.##########.# #.##.#
###.................# #.##.####
..........########### #.##.....
............# #.#######
#.####....#.##### #.#
##.#.......÷....# #.#


You could see a scorpion.

Vanquished Creatures
  An orc priest (D:2)
  A gnoll shaman (D:3)
  Natasha (D:3)
  Terence (D:3)
  An orc wizard (D:2)
  5 gnolls
  6 adders
  2 worms (D:2)
  A dart slug (D:2)
  6 orcs
  5 ball pythons
  4 bats
  3 endoplasms
  5 giant cockroaches
  8 goblins
  2 hobgoblins
  7 quokkas
  3 frilled lizards
  4 kobolds
  6 rats (D:1)
72 creatures vanquished.

Notes
Turn   | Place    | Note
-------+----------+-------------------------------------------
     0 | D:1      | Delamore the Octopode Brigand began the quest for the Orb.
     0 | D:1      | Reached XP level 1. HP: 14/14 MP: 1/1
   201 | D:1      | Reached XP level 2. HP: 6/19 MP: 2/2
   645 | D:1      | Found a faded altar of an unknown god.
   771 | D:1      | Reached XP level 3. HP: 24/24 MP: 3/3
  1154 | D:2      | Reached skill level 6 in Stealth
  1229 | D:2      | Reached XP level 4. HP: 29/29 MP: 4/4
  1449 | D:2      | Reached XP level 5. HP: 29/34 MP: 5/5
  1833 | D:3      | Found a shimmering altar of Xom.
  1834 | D:3      | Found a hazy altar of Hepliaklqana.
  1835 | D:3      | Noticed a spectral ugly thing
  2074 | D:3      | Found an iron altar of Okawaru.
  2165 | D:3      | Noticed Terence
  2203 | D:3      | Killed Terence
  2204 | D:3      | Reached skill level 5 in Short Blades
  2204 | D:3      | Reached skill level 7 in Stealth
  2268 | D:3      | Found a shadowy altar of Dithmenos.
  2439 | D:3      | Found Fuuwiec's Jewellery Boutique.
  2522 | D:3      | Noticed Natasha
  2525 | D:3      | Killed Natasha
  2526 | D:3      | Reached XP level 6. HP: 39/39 MP: 6/6
  2606 | D:4      | Found a radiant altar of Vehumet.
  2875 | D:3      | Slain by a scorpion

Illustrated notes

Levels and vault maps discovered:
D:1:      dpeg_arrival_stone_temple_mockup, layout_loops_ring,
          dreamdust_ecumenical_altar_statues
D:2:      layout_rooms
D:3:      layout_loops_ring, regret_index_temple_of_mockery,
          kennysheep_okawaru_gauntlet, mainiacjoe_overflow_surrounded_room,
          serial_shops, nicolae_shop_crystal, uniq_terence, uniq_natasha
D:4:      layout_loops_cross, overflow_temple_1_default, vehumet_statue,
          ebering_ghost_disaster_area

Skill      XL: |  1  2  3  4  5 |
---------------+----------------+-----
Short Blades   | 3 4 5 |  5.5
Stealth        | 6 7 |  7.4
Fighting       | |  2.0
Throwing       | |  2.0
Dodging        | |  1.0

Action                   |  1- 3 |  4- 6 || total
-------------------------+-------+-------++-------
Melee: Dagger            |    51 |    87 ||   138
       Constrict         |    10 |    22 ||    32
       Tentacles         |     4 |    13 ||    17
Throw: Stone             |    66 |    51 ||   117
       Dart              |       |    14 ||    14
  Use: Scroll            |     1 |     1 ||     2
       Potion            |       |     1 ||     1
 Stab: Sleeping          |     2 |     7 ||     9
       Distracted        |       |     1 ||     1
Armor: Skin              |     5 |     3 ||     8
Dodge: Dodged            |    23 |    40 ||    63
